 Dungeon Crawl Stone Soup version 0.28-a0-60-g54b5640690 (webtiles) character file.

Game seed: 9518750949363539169

2875 mcsnuffy the Thaumaturge (level 9, -4/55 HPs)
             Began as a Deep Elf Fire Elementalist on July 30, 2021.
             Was a Believer of Yredelemnul.
             Killed from afar by a hell hound (5 damage)
             ... with a blast of flame
             ... on level 7 of the Dungeon on July 31, 2021.
             The game lasted 01:09:07 (10451 turns).

mcsnuffy the Thaumaturge (DEFE)                    Turns: 10451, Time: 01:09:09

Health: -4/55      AC:  7    Str:  6    XL:     9   Next: 47%
Magic:  23/23      EV: 17    Int: 29    God:    Yredelemnul [**....]
Gold:   288        SH:  0    Dex: 21    Spells: 21/25 levels left

rFire   + . .      SeeInvis .   C - staff of cold {!a}
rCold   . . .      Faith    .   (no shield)
rNeg    . . .      Spirit   .   a - +0 robe
rPois   .          Reflect  .   k - +0 helmet
rElec   .          Harm     .   v - scarf {shadows}
rCorr   .          Rampage  .   u - +2 pair of gloves
Will    .....                   J - +0 pair of boots
Stlth   +++.......              (no amulet)
HPRegen 0.18/turn               I - +6 ring of intelligence
MPRegen 0.18/turn               y - ring "Hedwel" {Fire Dex+6}

@: no status effects
A: no striking features
a: Renounce Religion, Animate Remains, Recall Undead Slaves, Injury Mirror


You were on level 7 of the Dungeon.
You worshipped Yredelemnul.
Yredelemnul was pleased with you.
You visited 1 branch of the dungeon, and saw 7 of its levels.
You also visited: Ossuary.

You collected 457 gold pieces.
You spent 169 gold pieces at shops.


   Skills:
 + Level 6.0 Fighting
 - Level 7.1 Dodging
 - Level 5.0 Stealth
 - Level 8.9 Spellcasting
 - Level 6.2 Conjurations
 + Level 3.8 Fire Magic


You had 21 spell levels left.
You knew the following spells:

 Your Spells              Type           Power      Damage    Failure   Level
c - Conjure Flame         Conj/Fire      59%        6-21      1%          3
f - Foxfire               Conj/Fire      100%       2x1d9     1%          1

Your spell library contained the following spells:

 Spells                   Type           Power      Damage    Failure   Level
 Stone Arrow              Conj/Erth      62%        3d10      3%          3
 Sticky Flame             Conj/Fire      59%        2d7       5%          4
 Corpse Rot               Necr/Air       N/A        N/A       6%          2
 Inner Flame              Hex/Fire       36%        N/A       6%          3
 Fireball                 Conj/Fire      29%        3d13      14%         5
 Bolt of Magma            Conj/Fire/Erth 24%        4d12      28%         5
 Dispel Undead            Necr           12%        3d9       38%         4
 Death Channel            Necr           6%         N/A       100%        6
 Shatter                  Erth           6%         3d9*      100%        9

Inventory:

Hand Weapons
 d - the +5 spear of the Dark Horse {flame, rF- rC+ Int+2 Dex+3}
   (You bought it in a shop on level 4 of the Dungeon)

   It burns those it strikes, dealing additional fire damage.
   Int:       It affects your intelligence (+2).
   Dex:       It affects your dexterity (+3).
   rF:        It makes you vulnerable to fire.
   rC:        It protects you from cold.
 e - a +3 short sword
 p - a +0 long sword
 q - a +4 falchion
 K - a +1 spear of venom
Missiles
 l - 4 throwing nets {=f}
 n - 20 poisoned darts
Armour
 a - a +0 robe (worn)
 k - a +0 helmet (worn)
 r - a +0 pair of gloves
 u - a +2 pair of gloves (worn)
 v - a scarf of shadows (worn)
 J - a +0 pair of boots (worn)
 N - the -1 pair of boots of Dishonour {Will+ Str-3 Stlth+}
   (You found it on level 7 of the Dungeon)

   Str:       It affects your strength (-3).
   Will:      It increases your willpower.
   Stlth:     It makes you more stealthy.
Magical Staves
 C - a staff of cold (weapon) {!a}
 G - a staff of air {!a}
Jewellery
 j - an amulet of the acrobat
 y - the ring "Hedwel" (right hand) {Fire Dex+6}
   (You found it on level 6 of the Dungeon)

   [ring of fire]

   It enhances your fire magic.
   Dex:       It affects your dexterity (+6).
   rF:        It protects you from fire.
   rC:        It makes you vulnerable to cold.
 I - a +6 ring of intelligence (left hand)
Wands
 z - a wand of acid (9)
 L - a wand of digging (2)
Scrolls
 c - 3 scrolls of noise
 g - 2 scrolls of blinking
 m - a scroll of enchant weapon {unknown}
 o - a scroll of brand weapon {unknown}
 t - a scroll of fear {unknown}
 w - a scroll of identify {@r1}
 x - a scroll of enchant armour {unknown}
 A - a scroll of summoning
 E - a scroll of vulnerability {unknown}
 F - a scroll of teleportation {unknown}
Potions
 b - 4 potions of attraction
 f - 4 potions of curing {@q1}
 h - 4 potions of lignification
 i - 2 potions of might {i, unknown}
 s - 2 potions of brilliance {unknown}
 B - 3 potions of mutation {unknown}
 D - a potion of heal wounds {@q2}
 H - a potion of berserk rage {unknown}
 M - a potion of resistance

Dungeon Overview and Level Annotations

Branches:
Dungeon (7/15)             Temple (0/1) D:7         Ossuary (visited)

Altars:
Elyvilon
Hepliaklqana
Okawaru
Trog
Yredelemnul

Shops:
D:1 (   D:4 :*!

Annotations:
D:1 exclusion: 2 downstairs
D:3 exclusion: sky beast
D:6 exclusion: downstairs

# #.########...▒▒.▒'...#.#.#..)..
###.##........▒▒...▒▒.##.#.#...).
##...#.#####..)▒▒.▒▒....#..####.#
.......# #.#..▒▒▒..#.###.# #.#
##...### #.##..▒......#.## #)#
##.########.#........##<# #.#
#..........#.#..######.# ##.#
############.#)## #o# ##.#.
##.#@#######.####.###
#...........o.##.## #
#..#.#######..###.###
####b.#.##.o.....####.#.
#..b..#.##o#####.##....#
#...h##)##§# #.##.####
#..h.##.##§# #.##.##
▒▒▒▒▒▒▒▒▒▒▒.o# #.#P.P#
▒○○°$b[☼○○▒#.# #.▒▒.▒▒##


You could see 2 hell hounds and 2 fire bats.


Message History

The fire bat bites you but does no damage. x2
The fire bat barely misses you. The hell hound misses you.
The fire bat closely misses you. The hell hound bites you.
* * * LOW HITPOINT WARNING * * *
The fire bat barely misses you.
The hell hound bites you but does no damage.
The fire bat bites you.
* * * LOW HITPOINT WARNING * * *
You are engulfed in flames.
You resist.
* * * LOW HITPOINT WARNING * * *
The hell hound closely misses you.
There is a transporter here.
You enter the transporter and appear at another place.
The fire bat bites you.
* * * LOW HITPOINT WARNING * * *
You are engulfed in flames.
You resist.
* * * LOW HITPOINT WARNING * * *
The fire bat bites you.
* * * LOW HITPOINT WARNING * * *
You are engulfed in flames.
You resist.
* * * LOW HITPOINT WARNING * * *
The hell hound closely misses you. x2; The hell hound completely misses you.
Okay, then.
Blink to where?
Press: ? - help, Dir - move target
As you read the scroll of blinking, it crumbles to dust.
The hell hound breathes flames at you. The blast of flame hits you. You resist.
You die...
Your body rises from the dead as a mindless zombie.

Skill      XL: |  1  2  3  4  5  6  7  8  9 |
---------------+----------------------------+-----
Conjurations   | 2 3 4 5 6 |  6.2
Fighting       | 1 2 3 4 6 |  6.0
Dodging        | 4 5 7 |  7.1
Spellcasting   | 4 6 7 8 |  8.9
Stealth        | 5 |  5.0
Fire Magic     | |  3.8

Action                   |  1- 3 |  4- 6 |  7- 9 || total
-------------------------+-------+-------+-------++-------
Melee: Unarmed           |     5 |       |       ||     5
       Short sword       |     4 |    52 |    13 ||    69
       Falchion          |       |       |    23 ||    23
       Spear             |       |       |    72 ||    72
 Cast: Foxfire           |    42 |   100 |   266 ||   408
       Conjure Flame     |       |     1 |     5 ||     6
Invok: Animate Remains   |       |       |     3 ||     3
  Use: Scroll            |       |     1 |     6 ||     7
       Potion            |       |       |     2 ||     2
 Stab: Sleeping          |     1 |     7 |    20 ||    28
Armor: Robe              |     3 |    12 |    28 ||    43
Dodge: Dodged            |    15 |    51 |   144 ||   210
       Rpst.: Falchion   |       |       |     6 ||     6

Levels and vault maps discovered:
D:1:      lightli_arrival_statuegarden, layout_rooms, serial_shops,
          nicolae_square_shop, serial_rivers, chequers_serial_rivers_marsh,
          chequers_serial_rivers_room_b, chequers_serial_rivers_room_a,
          chequers_serial_rivers_micro_a
D:2:      minmay_door_path, layout_loops_cross, minmay_rat_gold_closets,
          uniq_natasha, uniq_sigmund
D:3:      layout_loops_corners, mainiacjoe_overflow_chevrons,
          mainiacjoe_overflow_tiny_flanked,
          shapermc_ecumenical_altar_starsandcircs, minmay_misc_feat_encased,
          uniq_robin
D:4:      layout_gridville, okawaru_trees_1, lemuel_mausoleum_altar_yredelemnul,
          serial_shops, nicolae_square_shop, shop, shop, minmay_misc_feat_iff
D:5:      layout_basic
D:6:      layout_rooms, kennysheep_mini_moat, gammafunk_ghost_icy
D:7:      gammafunk_cloud_chamber, layout_loops_ring,
          minmay_temple_entry_gardened_gates, enter_ossuary_5,
          nicolae_zen_rock_garden

Notes
Turn   | Place    | Note
-------+----------+-------------------------------------------
     0 | D:1      | mcsnuffy the Deep Elf Fire Elementalist began the quest for
                  | the Orb.
     0 | D:1      | Reached XP level 1. HP: 10/10 MP: 6/6
   126 | D:1      | Reached skill level 2 in Conjurations
   247 | D:1      | Reached XP level 2. HP: 15/15 MP: 5/8
   733 | D:1      | Reached skill level 3 in Conjurations
   785 | D:1      | Found Rudeaps's Weapon Shoppe.
   939 | D:2      | Noticed Sigmund
   986 | D:2      | Reached XP level 3. HP: 19/19 MP: 6/9
  1242 | D:2      | Noticed Natasha
  1251 | D:2      | Killed Natasha
  1252 | D:2      | Reached skill level 4 in Conjurations
  1252 | D:2      | Reached XP level 4. HP: 17/24 MP: 6/10
  1342 | D:2      | Noticed Natasha
  1406 | D:2      | Killed Natasha
  1481 | D:2      | Reached skill level 5 in Conjurations
  1582 | D:2      | Noticed Natasha
  1601 | D:2      | HP: 2/24 [Natasha (8)]
  1602 | D:2      | Killed Natasha
  1603 | D:2      | Reached skill level 1 in Fighting
  1603 | D:2      | Reached XP level 5. HP: 3/29 MP: 6/11
  2432 | D:3      | Found a faded altar of an unknown god.
  2469 | D:3      | Reached skill level 2 in Fighting
  2737 | D:3      | Found a white marble altar of Elyvilon.
  2763 | D:3      | Found a hazy altar of Hepliaklqana.
  2906 | D:3      | Noticed a sky beast
  2914 | D:3      | Learned a level 3 spell: Conjure Flame
  3216 | D:3      | Reached skill level 3 in Dodging
  3280 | D:3      | Noticed Robin
  3285 | D:3      | Killed Robin
  3515 | D:3      | Reached skill level 4 in Dodging
  3858 | D:4      | Reached XP level 6. HP: 29/35 MP: 6/12
  3923 | D:4      | Found an iron altar of Okawaru.
  4053 | D:4      | Found Guonwieg's Assorted Antiques.
  4071 | D:4      | Found Elaobriu's Book Shop.
  4261 | D:4      | Found Feangete's Distillery.
  4269 | D:4      | Bought a potion of curing for 33 gold pieces
  4360 | D:4      | Reached skill level 5 in Dodging
  4687 | D:4      | Reached skill level 4 in Spellcasting
  4774 | D:4      | Reached skill level 3 in Fighting
  4774 | D:4      | Reached XP level 7. HP: 34/41 MP: 9/15
  4914 | D:4      | Found a basalt altar of Yredelemnul.
  4945 | D:4      | Reached skill level 4 in Fighting
  5034 | D:4      | Became a worshipper of Yredelemnul the Dark
  5298 | D:4      | Reached skill level 6 in Conjurations
  5597 | D:5      | Entered Level 5 of the Dungeon
  5878 | D:5      | Reached skill level 5 in Spellcasting
  6281 | D:4      | Bought a crystal spear for 136 gold pieces
  6281 | D:4      | Identified the +5 spear of the Dark Horse {flame, rF- rC+
                  | Int+2 Dex+3} (You bought it in a shop on level 4 of the
                  | Dungeon)
  6426 | D:5      | Reached skill level 6 in Spellcasting
  6426 | D:5      | Reached XP level 8. HP: 48/48 MP: 15/19
  6570 | D:5      | Reached skill level 3 in Stealth
  6689 | D:5      | Reached skill level 4 in Stealth
  7040 | D:3      | Reached skill level 5 in Stealth
  7393 | D:2      | Killed Sigmund
  7394 | D:2      | Reached skill level 5 in Fighting
  7630 | D:6      | Found a runed translucent gate.
  7630 | D:6      | Found a runed translucent gate.
  7630 | D:6      | Found a runed translucent gate.
  7687 | D:6      | Reached skill level 6 in Fighting
  7702 | D:6      | Noticed DocClef's ghost (weakling GnDe)
  7718 | D:6      | Killed DocClef's ghost
  7793 | D:6      | Reached skill level 7 in Spellcasting
  7854 | D:6      | Identified the ring "Hedwel" {Fire Dex+6}
  7939 | D:6      | Reached * piety under Yredelemnul
  7940 | D:6      | Reached XP level 9. HP: 55/55 MP: 19/21
  8134 | D:6      | Found a bloodstained altar of Trog.
  8187 | D:6      | Reached skill level 6 in Dodging
  8411 | D:7      | Found a sand-covered staircase.
  8416 | Ossuary  | Entered an ossuary
  8665 | Ossuary  | Reached ** piety under Yredelemnul
  9019 | D:7      | Reached skill level 8 in Spellcasting
  9356 | D:7      | Found a transporter.
  9483 | D:7      | Reached skill level 7 in Dodging
 10258 | D:7      | Found a staircase to the Ecumenical Temple.
 10426 | D:7      | Identified the +1 robe of Wimegetoco {-Cast rElec rN+}
 10430 | D:7      | Found a transporter.
 10446 | D:7      | Identified the -1 pair of boots of Dishonour {Will+ Str-3
                  | Stlth+}
 10450 | D:7      | HP: 4/55 [fire bat (4)]
 10450 | D:7      | HP: 1/55 [fire bat (3)]
 10451 | D:7      | Killed from afar by a hell hound

Vanquished Creatures
  Sigmund (D:2)
  A water moccasin (D:7)
  3 ice beasts (D:6)
  3 ogres
  An orc warrior (D:7)
  A sky beast (D:3)
  A black bear (D:6)
  3 necrophages (D:4)
  2 centaurs (D:7)
  A bullfrog (D:7)
  A scorpion (D:7)
  A water moccasin zombie (D:4)
  3 wights (D:4)
  A howler monkey (D:5)
  A bullfrog zombie (D:4)
  A human zombie (D:4)
  A wyvern simulacrum (D:6)
  A hound (D:6)
  A gnoll shaman (D:7)
  An orc priest (D:7)
  A water moccasin simulacrum (D:6)
  3 iguanas
  4 orc wizards
  Natasha (thrice) (D:2)
  3 scorpion zombies
  2 killer bee zombies (D:6)
  A bullfrog simulacrum (D:6)
  A centaur simulacrum (D:6)
  A hound zombie (D:5)
  A mummy (Ossuary)
  Robin (D:3)
  19 gnolls
  5 adders
  2 shadow imps
  4 white imps
  2 adder zombies (D:4)
  An adder skeleton (D:4)
  The ghost of DocClef the Covert, a weakling GnDe (D:6)
  6 dart slugs
  An orc (D:5)
  A spectral bat (Ossuary)
  8 ball pythons
  6 endoplasms
  A giant cockroach (D:1)
  15 goblins
  4 hobgoblins
  4 quokkas
  4 bats
  4 bat simulacra (Ossuary)
  A frilled lizard (D:2)
  12 gnoll zombies (Ossuary)
  A goblin simulacrum (Ossuary)
  8 goblin zombies (Ossuary)
  6 hobgoblin zombies (Ossuary)
  6 kobolds
  4 kobold simulacra (Ossuary)
  2 kobold zombies (Ossuary)
  2 orc zombies (Ossuary)
  17 rats
  5 rat simulacra (Ossuary)
  3 spectral goblins (Ossuary)
  3 spectral kobolds (Ossuary)
  2 spectral rats (Ossuary)
210 creatures vanquished.

Vanquished Creatures (others)
  A bullfrog skeleton (D:7)
  An orc zombie (D:7)
  644 foxfires
  A plant (D:1)
647 creatures vanquished.

Grand Total: 857 creatures vanquished

Table legend: (Time is in decaauts)
 A = Elapsed time spent in this place.
 B = Non-inter-level travel time spent in this place.
 C = Inter-level travel time spent in this place.
 D = Time resting spent in this place.
 E = Time spent auto-exploring this place.
 F = Levels seen in this place.
 G = Mean time per level.
                   A        B        C        D        E       F      G
               +--------+--------+--------+--------+--------+-----+--------+
         Total |  10538 |   9905 |    633 |   1341 |   5885 |   8 | 1317.2 |
       Dungeon |   9958 |   9325 |    633 |   1341 |   5565 |   7 | 1422.6 |
       Ossuary |    579 |    579 |      0 |      0 |    320 |   1 |  579.0 |
               +--------+--------+--------+--------+--------+-----+--------+

Top non-repeatable levels by time:
     D:4: 2018 daAuts
     D:3: 1925 daAuts
     D:2: 1592 daAuts
     D:7: 1246 daAuts
     D:5: 1124 daAuts
     D:6: 1052 daAuts
     D:1: 999 daAuts
 Ossuary: 579 daAuts

Table legend:
 A = Non-vault XP
 B = Vault XP
 C = Vault XP percentage of total XP
 D = Non-vault monster count
 E = Vault monster count
 F = Vault count percentage of total count
                 A         B        C        D         E       F
            +---------+---------+-------+---------+---------+-------
      Total |    2410 |    1698 |  41.3 |     114 |      96 |  45.7
            +---------+---------+-------+---------+---------+-------
        D:1 |      39 |       0 |   0.0 |      20 |       0 |   0.0
        D:2 |     119 |     286 |  70.6 |      22 |      12 |  35.3
        D:3 |     251 |      27 |   9.7 |      17 |       8 |  32.0
        D:4 |     130 |     752 |  85.3 |      12 |      12 |  50.0
        D:5 |     487 |       0 |   0.0 |      13 |       0 |   0.0
        D:6 |     404 |     550 |  57.7 |       8 |      10 |  55.6
        D:7 |     980 |       0 |   0.0 |      22 |       0 |   0.0
    Ossuary |       0 |      83 | 100.0 |       0 |      54 | 100.0
            +---------+---------+-------+---------+---------+-------
